Map: Ruins of Seras

Players

Rocha - Winner!

  • Race: Terran Terran
  • League: Diamond

Frozzen

  • Race: Zerg Zerg
  • League: Platinum

VOD

Have the link to the VOD?

Description

Time

  • Played on: Nov. 17, 2015, 11:08 p.m.
  • Length: 10:22
Show
View Real Time Build Order
Export as new Build Order

Rocha Terran - Winner!

Build Orders: Command Center First (CC), Liberator Opening, MMM Bio 

Get SALT Encoding   

  12  0:02  SCV  
  13  0:14  SCV  
  14  0:27  SCV, Supply Depot  
  15  0:48  SCV  
  16  0:59  Command Center  
  16  1:02  SCV  
  17  1:15  Barracks  
  17  1:17  SCV  
  18  1:24  Refinery  
  18  1:30  SCV  
  19  1:42  SCV, Refinery  
  20  1:54  SCV  
  23  2:10  Orbital Command  
  23  2:11  Barracks Reactor, Orbital Command  
  21  2:34  Factory, Orbital Command  
  21  2:36  SCV  
  22  2:48  SCV  
  22  2:49  Marine x2  
  25  2:52  Supply Depot  
  25  3:00  SCV  
  25  3:01  SCV  
  27  3:09  Marine x2  
  29  3:21  Starport  
  29  3:22  SCV x2  
  30  3:34  SCV x2  
  30  3:37  Barracks  
  30  3:38  Barracks  
  32  3:41  Liberator  
  34  3:42  Barracks Tech Lab  
  34  3:46  SCV x2  
  34  3:52  Hellion x2  
  38  3:58  SCV x2  
  43  4:05  Stimpack  
  43  4:06  Supply Depot  
  43  4:07  Marine  
  44  4:10  SCV x2  
  44  4:16  Supply Depot  
  46  4:24  Liberator  
  46  4:27  Barracks Reactor x2  
  46  4:28  SCV, Hellion x2, Marine  
  46  4:30  SCV  
  53  4:39  Supply Depot  
  53  4:40  SCV  
  57  4:45  Supply Depot, Marine  
  57  4:52  Hellion x2  
  62  5:00  SCV x2  
  64  5:12  SCV  
  64  5:14  Hellion  
  67  5:15  SCV  
  67  5:16  Marine  
  69  5:23  Command Center  
  69  5:25  Marine x4  
  69  5:27  Starport Reactor  
  71  5:34  Marine  
  72  5:43  Marine  
  72  5:45  Engineering Bay  
  72  5:46  Supply Depot, Bunker  
  72  5:48  Engineering Bay  
  73  5:58  SCV x2  
  73  6:00  Refinery, Barracks x2  
  73  6:01  Refinery  
  75  6:04  Supply Depot  
  75  6:06  Factory Reactor, Marine x2  
  75  6:08  Medivac  
  79  6:12  Marine x2  
  79  6:13  Marine  
  82  6:25  Marine x2  
  82  6:26  Medivac  
  82  6:27  Combat Shields  
  82  6:29  SCV  
  82  6:30  Marine x2  
  87  6:37  Marine  
  87  6:38  Orbital Command  
  88  6:40  Terran Infantry Armor Level 1  
  88  6:43  Marine  
  88  6:44  Terran Infantry Weapons Level 1  
  88  6:46  Marine  
  89  6:48  Marine x2  
  89  6:51  Barracks Tech Lab  
  89  6:53  Marine x2  
  94  6:54  Marine  
  94  6:55  SCV  
  96  7:07  Marine x3  
  95  7:11  Marine x4  
  95  7:13  Concussive Shells, Orbital Command  
  95  7:20  Medivac x2  
  95  7:21  Marine  
  100  7:25  Marine x2  
  100  7:29  Marine x2  
  106  7:30  Marauder  
  106  7:36  Marine  
  106  7:37  Marine  
  107  7:42  Marine  
  107  7:43  Marine, Widow Mine x2  
  107  7:44  Armory, Marauder  
  116  7:45  SCV  
  117  8:03  Supply Depot  
  117  8:04  Supply Depot  
  117  8:05  Marine x5  
  117  8:06  SCV, Marauder  
  125  8:13  Supply Depot  
  125  8:24  SCV x2, Marine x4  
  125  8:25  Marine x2, Marauder  
  135  8:27  Marauder  
  129  8:42  SCV x3, Marine x4  
  129  8:43  Marine x2  
  129  8:46  Marauder  
  136  8:49  Marauder  
  131  9:00  Marine x4  
  131  9:01  Marine x2  
  131  9:02  Barracks x2  
  135  9:05  Barracks  
  135  9:07  Marauder  
  126  9:10  Marauder  
  114  9:20  Marine x3  
  114  9:21  Medivac x2  
  121  9:25  Marine x2  
  121  9:29  SCV x3, Marauder  
  128  9:31  Marauder  
  123  9:41  SCV  
  124  9:50  Marauder  
  124  9:51  Medivac  
  128  9:53  Marauder  
  128  9:56  Marine  
  128  9:57  Marine x5  
  131  10:08  SCV x2  
  131  10:09  Command Center  
Show
View Real Time Build Order
Export as new Build Order

Frozzen Zerg 

Build Orders: Hatch First 

Get SALT Encoding   

  12  0:01  Drone  
  13  0:13  Overlord  
  13  0:18  Drone  
  14  0:31  Drone x2  
  16  0:51  Hatchery  
  16  0:54  Drone  
  16  0:57  Drone  
  16  1:00  Drone  
  18  1:15  Spawning Pool  
  18  1:18  Drone  
  18  1:23  Drone, Extractor  
  18  1:28  Drone  
  19  1:39  Overlord  
  19  1:52  Drone  
  20  2:00  Drone  
  21  2:02  Queen  
  21  2:03  Drone  
  21  2:04  Queen  
  26  2:15  Drone x2  
  28  2:23  Metabolic Boost  
  28  2:35  Hatchery  
  27  2:42  Overlord  
  27  2:44  Drone  
  28  2:45  Drone  
  28  2:49  Zergling x2  
  30  2:51  Drone  
  30  2:53  Drone  
  30  2:56  Drone  
  30  2:58  Drone  
  34  3:04  Overlord  
  34  3:08  Drone  
  34  3:10  Drone  
  34  3:11  Drone  
  37  3:13  Drone  
  37  3:16  Drone  
  39  3:32  Drone, Extractor, Roach Warren  
  39  3:33  Drone x3  
  41  3:35  Extractor  
  40  3:44  Drone x3  
  40  3:46  Drone x2  
  40  3:47  Drone x2  
  46  4:06  Drone x2  
  46  4:08  Drone  
  46  4:09  Drone x6  
  55  4:10  Queen  
  55  4:14  Drone, Extractor  
  55  4:16  Overlord  
  57  4:18  Overlord  
  57  4:21  Lair  
  57  4:31  Evolution Chamber  
  56  4:32  Evolution Chamber  
  56  4:33  Drone x2  
  57  4:42  Roach  
  57  4:43  Roach x5  
  64  4:57  Zerg Missile Weapons Level 1  
  64  4:58  Zerg Ground Armor Level 1  
  64  4:59  Roach x3  
  70  5:02  Drone  
  70  5:04  Drone x3  
  67  5:14  Drone  
  67  5:15  Drone  
  67  5:16  Drone x4  
  73  5:22  Spore Crawler  
  73  5:26  Drone  
  73  5:28  Overlord  
  73  5:29  Overlord  
  73  5:31  Glial Reconstitution  
  73  5:36  Hydralisk Den  
  72  5:44  Overlord  
  72  5:45  Overlord x2  
  72  5:57  Drone  
  72  5:58  Drone x2  
  72  5:59  Drone  
  72  6:00  Drone  
  77  6:05  Drone x3  
  77  6:06  Drone  
  81  6:17  Muscular Augments  
  78  6:22  Hydralisk  
  78  6:23  Hydralisk x6  
  81  6:31  Drone  
  82  6:38  Queen  
  84  6:44  Spire  
  77  7:09  Spine Crawler  
  62  7:32  Drone x3  
  62  7:33  Drone x3, Spore Crawler  
  62  7:34  Spore Crawler  
  66  7:51  Drone  
  66  7:52  Drone x2  
  66  7:56  Drone x2, Extractor  
  66  7:57  Corruptor  
  66  7:58  Corruptor x5, Extractor  
  81  8:06  Drone  
  81  8:07  Drone x2  
  84  8:14  Hydralisk x3  
  90  8:26  Drone x2  
  92  8:36  Hydralisk  
  92  8:37  Hydralisk x4  
  94  8:50  Roach x3  
  94  8:51  Overlord  
  94  8:52  Overlord  
  85  9:03  Drone x3  
  85  9:04  Drone  
  85  9:05  Drone  
  81  9:17  Drone x2  
  81  9:24  Drone  
  71  9:31  Drone  
  72  9:43  Drone x4  
  76  9:59  Drone  
  77  10:10  Overseer  
Tags
 
Add a new tag
Caveats
  • Supply blocks, unpowered buildings, or Contaminate may cause inaccurate times.
  • Supply counts are checked every 10 seconds.